 Dungeon Crawl Stone Soup version 0.24-a0-613-g1ff6aac338 (webtiles) character file.

Game seed: 3114515948744098652, levelgen mode: deterministic

56 Gynju the Cudgeler (level 3, 0/23 HPs)
             Began as a Gargoyle Fighter on Sept 12, 2019.
             Slain by Sigmund
             ... wielding a cursed -1 scythe
              (6 damage)
             ... on level 2 of the Dungeon.
             The game lasted 00:01:34 (990 turns).

Gynju the Cudgeler (Gargoyle Fighter)                Turns: 990, Time: 00:01:34

Health: 0/23       AC:  8    Str: 25    XL:     3   Next: 95%
Magic:  3/3        EV:  8    Int:  8    God:
Gold:   49         SH:  9    Dex:  9    Spells: 2/2 levels left

rFire    . . .     SeeInvis .   a - +0 flail
rCold    . . .     Gourm    .   c - +0 shield
rNeg     + . .     Faith    .   e - +0 ring mail (curse)
rPois    ∞         Spirit   .   (no helmet)
rElec    +         Reflect  .   (no cloak)
rCorr    .         Harm     .   (no gloves)
MR       .....                  (no boots)
Stlth    ..........             (no amulet)
HPRegen  0.07/turn              (no ring)
MPRegen  0.08/turn              (no ring)

@: mighty
A: negative energy resistance 1, electricity resistance, unbreathing,
petrification resistance, rot immunity, AC +3
a: no special abilities


You were on level 2 of the Dungeon.
You were not hungry.

You visited 1 branch of the dungeon, and saw 2 of its levels.

You collected 49 gold pieces.

Inventory:

Hand Weapons
 a - a +0 flail (weapon)
Armour
 b - a +0 scale mail
 c - a +0 shield (worn)
 e - a cursed +0 ring mail (worn)
Jewellery
 p - a +3 ring of protection {unknown}
Scrolls
 g - a scroll of enchant weapon {unknown}
 h - a scroll of enchant armour {unknown}
 k - 2 scrolls of teleportation {unknown}
 n - a scroll of identify {unknown}
 o - a scroll of blinking {unknown}
Potions
 j - a potion of heal wounds {unknown}
 l - 2 potions of brilliance {unknown}
 m - a potion of resistance {unknown}
 q - a potion of berserk rage {unknown}
Comestibles
 f - 2 rations
 i - 3 chunks of flesh


   Skills:
 - Level 3.3 Fighting
 + Level 4.0 Maces & Flails
 - Level 3.3 Armour
 - Level 3.3 Shields


You had 2 spell levels left.
You didn't know any spells.
Your spell library was empty.

Dungeon Overview and Level Annotations

Branches:
Dungeon (2/15)

Altars:

Annotations:
D:2 Sigmund


Innate Abilities, Weirdness & Mutations

You are resistant to torment.
Your stone body is resilient. (AC +3)
You are immune to poison.
You resist negative energy. (rN+)
You are resistant to electric shocks. (rElec)
You can survive without breathing.
You are immune to petrification.
You are immune to rotting.


Message History

You hear some strange, mumbled words.
A puff of flame appears from out of thin air!
The puff of flame hits you.
* * * LOW HITPOINT WARNING * * *
You thump something!
The giant cockroach bites you but does no damage.
The kobold barely misses you.
You hear some strange, mumbled words.
A puff of flame appears from out of thin air!
You block the puff of flame.
You closely miss something. You block the giant cockroach's attack.
You block the kobold's attack.
You hear some strange, mumbled words.
A puff of flame appears from out of thin air!
The puff of flame hits you but does no damage.
The giant cockroach barely misses you. The kobold hits you but does no damage.
You closely miss something.
A jackal skeleton comes into view.
Something hits you.
You die...

## #....# .......#.#
###### ....####.#
#....####
#....)..#####.##....#
.......#..<.÷).#####.#
##.....#.............#
###...#..#########..#
.....#..##...s#....####
.#.#..#### #{@..$....#
# #....# #.K.......#
#.#..# +.........#
#.....(...# #.........#
#..>?...### ..........
##........Z


You could see a giant cockroach, a kobold and a jackal skeleton (wandering).

Vanquished Creatures
  Terence (D:2)
  A dart slug (D:2)
  A leopard gecko (D:1)
  A giant cockroach (D:1)
  6 goblins
  4 hobgoblins (D:1)
  2 kobolds (D:1)
  2 ball pythons
  5 bats
  3 rats (D:1)
26 creatures vanquished.

Notes
Turn   | Place    | Note
-------+----------+-------------------------------------------
     0 | D:1      | Gynju the Gargoyle Fighter began the quest for the Orb.
     0 | D:1      | Reached XP level 1. HP: 14/14 MP: 1/1
   159 | D:1      | Reached XP level 2. HP: 14/19 MP: 2/2
   513 | D:1      | Reached skill level 3 in Maces & Flails
   899 | D:2      | Noticed Terence
   910 | D:2      | Killed Terence
   910 | D:2      | Reached XP level 3. HP: 23/23 MP: 3/3
   944 | D:2      | Noticed Sigmund
   959 | D:2      | Reached skill level 4 in Maces & Flails
   990 | D:2      | Slain by Sigmund

Levels and vault maps discovered:
D:1:      nicolae_arrival_memento_mori, layout_basic, st_stairs_6,
          wad_floor_pattern_untrapped, minmay_tetromino_i2
D:2:      layout_basic, grunt_temple_overflow_diamond, uniq_terence,
          uniq_sigmund

Skill      XL: |  1  2  3 |
---------------+----------+-----
Maces & Flails | 3 4 |  4.0
Fighting       | |  3.3
Armour         | |  3.3
Shields        | |  3.3

Action                   || total
-------------------------++-------
Melee: Flail             ||    88
  Use: Potion            ||     2
Armor: Ring mail         ||    54
Dodge: Dodged            ||    25
Block: Shield            ||    59

Table legend:
 A = Non-vault XP
 B = Vault XP
 C = Vault XP percentage of total XP
 D = Non-vault monster count
 E = Vault monster count
 F = Vault count percentage of total count
                 A         B        C        D         E       F
            +---------+---------+-------+---------+---------+-------
      Total |      37 |      43 |  53.8 |      21 |       5 |  19.2
            +---------+---------+-------+---------+---------+-------
        D:1 |      26 |       7 |  21.2 |      16 |       4 |  20.0
        D:2 |      11 |      36 |  76.6 |       5 |       1 |  16.7
            +---------+---------+-------+---------+---------+-------
